Map: 2000 Atmospheres LE

Players

Stephano - Winner!

  • Race: Zerg Zerg

Clem

  • Race: Terran Terran

Event: DreamHack SC2 Masters 2021 Winter

VOD

Have the link to the VOD?

Description

Time

  • Played on: Oct. 9, 2021, 11:24 a.m.
  • Length: 14:43

All games in this series

Show
View Real Time Build Order
Export as new Build Order

Stephano Zerg - Winner!

Build Orders: Hatch First, Lurkers, Roach Hydra 

Get SALT Encoding   

  12  0:00  Drone  
  13  0:12  Overlord  
  13  0:17  Drone  
  14  0:31  Drone x2  
  16  0:49  Hatchery  
  15  0:51  Drone  
  15  0:54  Drone  
  17  0:57  Drone  
  18  1:08  Extractor  
  17  1:13  Spawning Pool  
  17  1:16  Drone  
  17  1:19  Drone  
  18  1:28  Drone  
  19  1:39  Drone  
  20  1:49  Drone  
  21  2:00  Queen x2  
  25  2:02  Zergling x4  
  27  2:11  Drone  
  27  2:12  Overlord  
  28  2:20  Hatchery  
  27  2:26  Drone  
  28  2:30  Drone  
  28  2:32  Drone  
  29  2:38  Queen  
  29  2:42  Drone  
  32  2:47  Overlord  
  32  2:49  Metabolic Boost  
  32  2:54  Drone  
  32  2:56  Drone x2  
  35  3:07  Drone  
  35  3:09  Drone  
  35  3:10  Drone x3  
  40  3:15  Queen  
  40  3:17  Drone  
  43  3:23  Overlord  
  43  3:35  Queen  
  43  3:36  Queen  
  43  3:38  Drone  
  43  3:39  Drone  
  49  3:42  Drone x2  
  49  3:45  Zergling x4  
  49  3:47  Drone x2  
  55  3:49  Drone  
  55  3:50  Drone  
  57  3:59  Overlord  
  57  4:07  Overlord  
  57  4:10  Drone, Evolution Chamber  
  57  4:13  Evolution Chamber  
  56  4:17  Queen  
  56  4:20  Drone x7  
  65  4:26  Queen x2  
  65  4:28  Overlord  
  69  4:31  Overlord  
  69  4:33  Zergling x6  
  72  4:39  Drone  
  72  4:42  Spore Crawler x2  
  72  4:43  Drone x2  
  73  4:49  Zerg Missile Weapons Level 1, Zerg Ground Armor Level 1  
  73  4:55  Spore Crawler  
  73  4:56  Drone  
  73  4:59  Drone  
  74  5:00  Drone  
  74  5:01  Drone  
  74  5:03  Drone x6  
  74  5:05  Extractor  
  74  5:07  Extractor  
  80  5:08  Queen  
  80  5:11  Drone  
  83  5:21  Lair  
  83  5:22  Drone x4, Roach Warren  
  83  5:23  Extractor  
  83  5:25  Extractor  
  84  5:30  Overlord  
  84  5:34  Overlord  
  84  5:35  Overlord  
  84  5:40  Overlord  
  84  5:44  Overlord  
  84  5:46  Overlord x2  
  84  5:55  Drone  
  84  5:56  Overlord  
  85  5:58  Zergling x18  
  94  6:06  Hatchery  
  93  6:11  Overlord  
  93  6:20  Glial Reconstitution  
  93  6:22  Extractor  
  93  6:23  Drone x3  
  93  6:24  Drone  
  93  6:25  Drone x3, Hydralisk Den  
  97  6:30  Roach x7  
  112  6:38  Roach x3  
  112  6:39  Roach x2  
  122  6:45  Zerg Ground Armor Level 2  
  122  6:48  Queen  
  122  6:51  Zerg Missile Weapons Level 2  
  124  7:02  Roach x6  
  133  7:15  Overlord  
  123  7:16  Drone x10  
  130  7:25  Overlord  
  123  7:31  Muscular Augments  
  123  7:34  Infestation Pit  
  123  7:36  Roach x5  
  134  7:37  Roach  
  134  7:40  Ravager x2  
  134  7:42  Ravager  
  137  7:47  Drone  
  137  7:48  Drone x2, Extractor x2  
  137  7:49  Drone x3  
  141  7:57  Zergling x4  
  143  8:04  Hydralisk x7  
  157  8:18  Hydralisk x5  
  166  8:30  Ravager x2, Overlord x2  
  168  8:42  Grooved Spines  
  156  8:53  Hydralisk x10  
  156  8:56  Hive  
  156  9:00  Drone x10  
  156  9:02  Extractor  
  165  9:11  Hatchery  
  163  9:26  Lurker Den  
  163  9:30  Hydralisk x10  
  180  9:31  Overlord  
  178  9:44  Hydralisk x6  
  172  9:48  Hydralisk  
  156  9:53  Zergling x8  
  156  9:58  Drone x2  
  162  10:06  Extractor  
  161  10:08  Extractor  
  161  10:10  Roach x10  
  161  10:11  Overlord  
  161  10:12  Hydralisk x3  
  161  10:13  Hydralisk x2  
  188  10:25  Hydralisk x5  
  173  10:29  Hydralisk x2  
  158  10:43  Hydralisk x6  
  164  10:51  Drone x3  
  164  10:52  Drone x3  
  164  10:55  Zergling x4  
  164  10:56  Zergling x12  
  178  10:57  Seismic Spines  
  160  11:15  Zerg Ground Armor Level 3, Zerg Missile Weapons Level 3  
  160  11:16  Hydralisk x2  
  148  11:19  Zergling x24  
  158  11:30  Spine Crawler  
  158  11:32  Spine Crawler  
  156  11:34  Lurker x2  
  156  11:35  Zergling x18, Lurker  
  168  11:41  Hydralisk  
  168  11:56  Drone x4  
  168  11:58  Lurker  
  168  11:59  Lurker x2  
  168  12:00  Adaptive Talons  
  175  12:07  Hydralisk x11  
  174  12:12  Lurker x3  
  169  12:25  Hydralisk x7  
  169  12:28  Hydralisk x2  
  178  12:36  Lurker x2  
  180  12:40  Hydralisk x2  
  180  12:43  Zergling x18  
  190  12:56  Lurker x3  
  193  13:06  Zergling x6  
  193  13:07  Zergling x10, Hatchery  
  193  13:08  Overseer  
  193  13:09  Pneumatized Carapace  
  193  13:10  Overseer x3  
  190  13:25  Hydralisk  
  190  13:26  Hydralisk x9  
  188  13:31  Lurker  
  188  13:32  Lurker x2  
  188  13:40  Hydralisk x5  
  174  13:49  Hydralisk x5  
  181  14:00  Hydralisk x6  
  193  14:06  Hydralisk  
  193  14:07  Hydralisk x2  
  186  14:11  Zergling x14  
Show
View Real Time Build Order
Export as new Build Order

Clem Terran 

Build Orders:  

Get SALT Encoding   

  12  0:00  SCV  
  13  0:12  SCV  
  14  0:16  Supply Depot  
  14  0:24  SCV  
  15  0:38  SCV, Barracks  
  16  0:43  Refinery  
  16  0:50  SCV  
  17  1:02  SCV  
  18  1:14  SCV  
  20  1:25  Reaper  
  20  1:26  Orbital Command  
  20  1:39  Command Center  
  20  1:46  Supply Depot  
  20  1:52  SCV  
  21  1:57  Marine  
  22  2:04  SCV  
  23  2:09  Factory  
  23  2:16  SCV  
  23  2:21  Barracks Reactor  
  24  2:28  SCV  
  25  2:38  Command Center  
  25  2:41  SCV  
  26  2:51  Orbital Command  
  26  2:53  SCV  
  27  3:00  Barracks  
  27  3:05  SCV  
  28  3:06  Barracks Tech Lab  
  28  3:09  Hellion  
  30  3:14  Hellion  
  30  3:17  SCV  
  30  3:19  SCV  
  34  3:22  Refinery  
  34  3:25  Marine  
  35  3:27  Stimpack  
  35  3:30  SCV  
  35  3:31  SCV  
  37  3:42  SCV  
  37  3:43  SCV  
  37  3:44  Marine  
  37  3:47  Starport  
  40  3:49  Orbital Command  
  40  3:54  SCV, Factory Reactor, Marine  
  40  3:55  SCV  
  43  3:56  Marine  
  43  4:00  Supply Depot  
  44  4:06  SCV, Marine  
  44  4:07  SCV  
  47  4:12  Marine  
  47  4:14  Marine  
  47  4:15  SCV  
  50  4:18  SCV  
  50  4:22  SCV  
  52  4:24  Supply Depot, Marine  
  52  4:30  SCV, Marine  
  56  4:32  Marine, Orbital Command  
  56  4:33  Medivac  
  56  4:35  Barracks  
  56  4:36  SCV, Factory Tech Lab  
  56  4:37  Medivac  
  61  4:40  Refinery  
  61  4:42  Marine  
  62  4:47  Engineering Bay  
  62  4:48  Supply Depot, SCV, Engineering Bay  
  62  4:50  SCV  
  64  4:56  Supply Depot, Marine  
  64  4:58  SCV  
  64  4:59  Siege Tank  
  69  5:01  SCV  
  69  5:03  Refinery  
  69  5:04  SCV  
  69  5:06  Marine  
  72  5:08  Marine  
  72  5:10  SCV  
  72  5:13  SCV, Combat Shield  
  75  5:16  SCV  
  75  5:18  Marine  
  75  5:19  Supply Depot  
  77  5:22  Barracks Reactor  
  77  5:23  SCV  
  77  5:25  Marine  
  77  5:27  Supply Depot  
  80  5:28  SCV  
  80  5:31  Supply Depot  
  80  5:33  Terran Infantry Weapons Level 1, Marine  
  80  5:34  SCV  
  82  5:35  SCV  
  82  5:36  Marine  
  82  5:40  SCV  
  82  5:41  Terran Infantry Armor Level 1  
  85  5:44  Supply Depot  
  85  5:46  Marine  
  85  5:47  SCV  
  87  5:51  Siege Tank  
  87  5:52  Marine  
  87  5:54  Supply Depot, SCV  
  87  5:56  SCV  
  93  5:58  Marine x2  
  93  5:59  Marine  
  96  6:04  Barracks  
  96  6:06  Barracks  
  96  6:08  SCV x2  
  96  6:09  SCV  
  96  6:11  Marine x2  
  101  6:15  Refinery  
  101  6:16  Marine  
  102  6:20  SCV  
  102  6:21  Marine  
  102  6:24  Factory  
  102  6:25  SCV  
  105  6:26  Armory  
  105  6:27  SCV  
  105  6:32  SCV  
  107  6:33  Marine x2  
  107  6:34  Siege Tank  
  107  6:37  SCV  
  107  6:39  Supply Depot, SCV  
  114  6:40  Marine x2  
  114  6:44  SCV, Medivac  
  114  6:45  Medivac  
  121  6:47  Marine  
  121  6:51  Supply Depot, Marine  
  121  6:52  SCV  
  121  6:54  Barracks Reactor x2  
  124  6:56  SCV  
  124  7:00  Marine x3  
  128  7:05  Marine  
  127  7:09  Siege Tank  
  127  7:10  Marine  
  125  7:17  Marine  
  125  7:18  Marine  
  125  7:20  SCV  
  121  7:23  Marine x2  
  121  7:25  SCV x2  
  121  7:27  Bunker, Factory Tech Lab, Marine  
  121  7:29  Terran Infantry Weapons Level 2  
  121  7:30  Marine x2  
  121  7:34  Marine  
  124  7:38  Supply Depot, Marine  
  124  7:41  Marauder  
  124  7:42  Siege Tank  
  124  7:43  Terran Infantry Armor Level 2  
  130  7:44  Marine  
  130  7:47  SCV  
  130  7:48  Supply Depot, Marine  
  133  7:53  Command Center  
  133  7:56  Siege Tank  
  136  7:59  Marine x2  
  136  8:00  Marine  
  136  8:01  Marine  
  136  8:02  Supply Depot  
  136  8:03  Marine  
  136  8:05  Terran Vehicle Weapons Level 1  
  141  8:09  SCV x3  
  141  8:12  Marine  
  144  8:14  Supply Depot  
  144  8:17  Marine  
  144  8:19  Siege Tank  
  146  8:24  Supply Depot, Medivac  
  146  8:25  Marine  
  149  8:27  Marine x2  
  149  8:28  SCV, Siege Tank, Marine x2  
  149  8:33  Marauder  
  159  8:41  Barracks  
  157  8:43  Medivac, Barracks  
  157  8:44  Marine x2  
  151  8:50  Marine x2  
  151  8:51  Siege Tank  
  151  8:52  Marine x2  
  151  8:54  Marauder, Medivac  
  151  8:55  Marine x2  
  143  9:02  Marine x2, Barracks  
  147  9:04  SCV  
  147  9:08  Marine x2  
  147  9:09  Marine  
  150  9:10  Ghost Academy  
  150  9:13  Marine x2  
  150  9:15  Siege Tank  
  155  9:20  Medivac  
  156  9:24  Marauder  
  156  9:25  Refinery  
  156  9:26  Marine  
  156  9:28  Marine x2  
  156  9:29  Barracks Tech Lab, Marine  
  156  9:30  Marine  
  159  9:34  Planetary Fortress  
  159  9:37  SCV x3, Barracks Tech Lab  
  159  9:38  Marine x2  
  157  9:39  Marine  
  157  9:44  Marine  
  147  9:45  Marine  
  147  9:46  Marine  
  147  9:47  Marine  
  147  9:49  SCV, Marine x2  
  147  9:50  Barracks Tech Lab  
  147  9:51  Marine  
  135  9:54  Siege Tank  
  135  9:59  Refinery, Marine, Siege Tank  
  141  10:00  Marine x2  
  141  10:01  Concussive Shells  
  141  10:03  Marauder  
  141  10:05  Marauder  
  141  10:06  Marine  
  141  10:07  Marine  
  149  10:08  Marine  
  149  10:09  Marine  
  152  10:14  Terran Infantry Weapons Level 3  
  152  10:16  Marine x2  
  152  10:17  Marauder  
  155  10:22  Marine x2  
  155  10:23  Marine  
  155  10:24  Marine x3  
  155  10:25  Marine x2  
  155  10:27  Marine  
  155  10:28  Siege Tank  
  154  10:31  SCV x3  
  154  10:32  SCV  
  154  10:34  Marine x2  
  152  10:37  Marine  
  152  10:40  Marine x2, Terran Infantry Armor Level 3  
  149  10:45  Marine x2  
  149  10:46  Marine x2  
  149  10:48  Marine x2  
  149  10:49  Marauder  
  156  10:51  Siege Tank  
  156  10:52  Marauder  
  156  10:56  Marine  
  161  10:57  Marauder  
  161  11:00  Siege Tank  
  161  11:03  Terran Vehicle Weapons Level 2  
  160  11:05  Marine x2  
  160  11:06  Marine  
  160  11:07  Marauder  
  160  11:10  Marine x3  
  154  11:12  Marine  
  154  11:14  Marine  
  154  11:16  Medivac  
  154  11:18  Marine  
  143  11:23  Marine x3  
  143  11:26  Siege Tank  
  143  11:28  Marine x4  
  143  11:30  Command Center  
  147  11:33  Marine  
  147  11:34  Marauder x2, Marine  
  147  11:36  Marine  
  154  11:41  Marine  
  154  11:43  Sensor Tower  
  154  11:45  Ghost  
  154  11:46  Missile Turret  
  157  11:48  Refinery  
  157  11:52  SCV  
  157  11:53  SCV  
  157  11:54  Ghost x2  
  159  11:57  Siege Tank  
  159  11:59  Marine x4  
  169  12:04  Siege Tank  
  169  12:05  Marine  
  169  12:06  Ghost  
  170  12:17  Ghost  
  170  12:19  Missile Turret  
  170  12:22  Ghost  
  171  12:24  Marine x2  
  171  12:25  Ghost, Marine  
  171  12:27  Marine  
  171  12:33  Command Center  
  171  12:41  Siege Tank  
  171  12:42  Siege Tank  
  171  12:43  Marine x2  
  179  12:45  Marine  
  179  12:46  Marine  
  179  12:48  Refinery  
  179  12:51  Ghost  
  180  12:52  Missile Turret  
  180  12:55  Marine  
  183  13:03  Ghost  
  183  13:05  Marine x4  
  186  13:06  Marine  
  186  13:07  Marine  
  186  13:11  SCV  
  191  13:17  Siege Tank, Marine  
  189  13:22  Refinery  
  189  13:23  Ghost  
  189  13:26  Medivac x2, Siege Tank  
  171  13:27  Ghost  
  171  13:29  Marine  
  171  13:30  Marine x2  
  171  13:32  Ghost  
  156  13:38  Marine x2  
  156  13:40  Marine x2  
  145  13:45  Ghost  
  141  13:51  Ghost  
  141  13:52  Planetary Fortress  
  143  13:56  Siege Tank  
  143  13:58  Ghost  
  143  14:01  Ghost  
  140  14:17  SCV  
  140  14:18  SCV  
  140  14:22  Marine  
  140  14:23  Marine  
  137  14:24  Marine  
  137  14:25  SCV, Marine  
  137  14:31  SCV  

Tags
 
Add a new tag
Caveats
  • Supply blocks, unpowered buildings, or Contaminate may cause inaccurate times.
  • Supply counts are checked every 10 seconds.